 Dungeon Crawl Stone Soup version 0.30.1-11-g7821555f0a (webtiles) character file.

Game seed: 15287131132609137444

847 Kallu the Digger (level 7, -8/50 HPs)
             Began as a Grey Draconian Earth Elementalist on Jan 7, 2024.
             Was a Follower of Kikubaaqudgha.
             Killed from afar by a steam dragon (23 damage)
             ... with a ball of steam
             ... on level 6 of the Dungeon.
             The game lasted 00:09:38 (6022 turns).

Kallu the Digger (DrEE)                             Turns: 6022, Time: 00:09:38

Health: -8/50      AC: 11    Str: 10    XL:     7   Next: 68%
Magic:  3/13       EV: 12    Int: 17    God:    Kikubaaqudgha [*.....]
Gold:   327        SH:  0    Dex: 12    Spells: 5/14 levels left

rFire   . . .        a - +2 spear (venom)
rCold   . . .        (no shield)
rNeg    + . .        (body armour unavailable)
rPois   .            (helmet restricted)
rElec   .            (no cloak)
rCorr   .            (no gloves)
SInv    .            (no boots)
Will    .....        (no amulet)
Stlth   ++           o - ring of positive energy
HPRegen 0.28/turn    (no ring)
MPRegen 0.13/turn

%: no passive effects
@: no status effects
A: AC +11, amphibious, unfitting armour, cold-blooded
a: Renounce Religion, Unearth Wretches


You were on level 6 of the Dungeon.
You worshipped Kikubaaqudgha.
Kikubaaqudgha was aware of your devotion.
You visited 2 branches of the dungeon, and saw 7 of its levels.

You collected 327 gold pieces.

Inventory:

Hand Weapons
 a - a +2 spear of venom (weapon)
Missiles
 s - a throwing net
Magical Staves
 b - a staff of death
Jewellery
 o - a ring of positive energy (left hand)
Wands
 m - a wand of flame (46)
Scrolls
 c - 5 scrolls of fear
 f - a scroll of butterflies
 j - 2 scrolls of teleportation
 k - 2 scrolls of enchant armour
 l - 2 scrolls of identify
 p - a scroll of enchant weapon {unknown}
 r - 2 scrolls of vulnerability
 t - a scroll of magic mapping {unknown}
 u - a scroll of noise {unknown}
Potions
 d - 3 potions of heal wounds
 e - a potion of attraction {unknown}
 g - a potion of brilliance {unknown}
 h - 7 potions of curing
 i - a potion of haste
 n - 2 potions of cancellation
 q - a potion of magic


   Skills:
 - Level 1.7 Dodging
 - Level 1.7 Stealth
 - Level 4.0 Spellcasting
 * Level 4.8 Conjurations
 + Level 3.6 Necromancy
 + Level 2.7 Transmutations
 - Level 5.6 Earth Magic


You had 5 spell levels left.
You knew the following spells:

 Your Spells              Type           Power      Damage    Failure   Level
a - Sandblast             Erth           44%        2d11      1%          1
b - Stone Arrow           Conj/Erth      42%        3d9       5%          3
c - Passwall              Tmut/Erth      14%        N/A       4%          2
d - Vampiric Draining     Necr           15%        2d7       11%         3

Your spell library contained the following spells:

 Spells                   Type           Power      Damage    Failure   Level
 Magic Dart               Conj           76%        1d6       2%          1
 Necrotise                Necr           60%        1d7       3%          1
 Searing Ray              Conj           38%        2d5       3%          2
 Sublimation of Blood     Necr           15%        N/A       5%          2
 Wereblood                Tmut           12%        N/A       8%          2
 Cigotuvi's Dreadful Rot  Necr/Pois/Air  14%        N/A       14%         2
 Petrify                  Tmut/Erth      17%        N/A       28%         4
 Animate Dead             Necr           15%        N/A       34%         4
 Gell's Gravitas          Tloc           3%         N/A       43%         3
 Summon Guardian Golem    Hex/Summ       3%         N/A       43%         3
 Teleport Other           Tloc           3%         N/A       43%         3
 Fulminant Prism          Conj/Hex       5%         3d6       52%         4
 Irradiate                Conj/Tmut      8%         3d14      67%         5
 Dispersal                Tloc           1%         N/A       100%        6
 Orb of Destruction       Conj           9%         9d6       100%        7
 Spellforged Servitor     Conj/Summ      5%         N/A       100%        7
 Summon Hydra             Summ           1%         N/A       100%        7


Dungeon Overview and Level Annotations

Branches:
Dungeon (6/15)             Temple (1/1) D:5

Altars:
Ashenzari
Cheibriados
Dithmenos
Elyvilon
Fedhas
Gozag
Hepliaklqana
Kikubaaqudgha
Makhleb
Nemelex Xobeh
Okawaru
Qazlal
Ru
Sif Muna
Trog
Uskayaw
Vehumet
Xom
Yredelemnul
Zin

Shops:
D:5 *

Annotations:
D:1 Terence


Innate Abilities, Weirdness & Mutations

Your dull iron-grey scales are very hard. (AC +11)
You are amphibious.
You cannot fit into any form of body armour.
You are cold-blooded and may be slowed by cold attacks.


Message History

The steam dragon claws you but does no damage.
Unknown command.
The blast of sand hits the steam dragon.
The steam dragon is severely wounded.
You are engulfed in a cloud of scalding steam.
The steam dragon closely misses you.
The steam dragon claws you but does no damage.
Unknown command.
The steam dragon bites you.
The steam dragon claws you but does no damage.
You are too injured to fight recklessly!
Unknown command.
Aiming: Sandblast (safe; 1% risk of failure)
Press: ? - help, Q - select action, (/) - cycle Shift-Dir - straight line, f/p - steam dragon
Aim: a steam dragon (severely wounded, 83% to hit)
The blast of sand misses the steam dragon.
The steam dragon bites you!
* * * LOW HITPOINT WARNING * * *
The steam dragon misses you.
The steam dragon bites you but does no damage.
The steam dragon closely misses you.
Casting: Sandblast (safe; 1% risk of failure)
Confirm with . or Enter, or press ? or * to list all spells.
Okay, then.
Aiming: Sandblast (safe; 1% risk of failure)
Press: ? - help, Q - select action, (/) - cycle Shift-Dir - straight line, f/p - steam dragon
Aim: a steam dragon (severely wounded, 83% to hit)
The blast of sand misses the steam dragon.
The steam dragon bites you but does no damage.
The steam dragon claws you.
* * * LOW HITPOINT WARNING * * *
Aiming: Sandblast (safe; 1% risk of failure)
Press: ? - help, Q - select action, (/) - cycle Shift-Dir - straight line, f/p - steam dragon
Aim: a steam dragon (severely wounded, 83% to hit)
The blast of sand hits the steam dragon but does no damage.
The steam dragon is severely wounded.
The steam dragon breathes steam at you. The ball of steam hits you!!
You die...
Kikubaaqudgha rasps: "You have failed me!
Welcome... death!"

......#...# ......
#.....#.#.###.....
..............>...
#.##.....(...#+#####
#.##......#.##.....#
#.(...[..##.##..##.## #
##..#....##.........##.#
##.##....#####...#.....
##.##....+......@#..#.
#..##....#######.D..#
#.######## ###.....# ..#
...... .## ..... .#
..... .# #... ## ... #


You could see a steam dragon (catching breath).

Vanquished Creatures
  A bullfrog (D:4)
  4 orc priests (D:5)
  4 hounds
  A gnoll bouda (D:5)
  2 sleepcaps
  3 iguanas
  4 orc wizards
  8 gnolls
  8 adders
  A shadow imp (D:5)
  A white imp (D:6)
  2 worms
  A dart slug (D:4)
  20 orcs
  5 endoplasms
  5 giant cockroaches
  5 goblins
  11 hobgoblins
  4 jackals
  2 quokkas (D:2)
  9 ball pythons
  6 bats
  4 frilled lizards
  3 kobolds
  4 rats
118 creatures vanquished.

Notes
Turn   | Place    | Note
-------+----------+-------------------------------------------
     0 | D:1      | Kallu the Draconian Earth Elementalist began the quest for
                  | the Orb.
     0 | D:1      | Reached XP level 1. HP: 14/14 MP: 3/3
   256 | D:1      | Reached XP level 2. HP: 20/20 MP: 3/5
   739 | D:2      | Reached XP level 3. HP: 22/26 MP: 2/7
   895 | D:2      | Noticed Terence
  1022 | D:2      | Learned a level 3 spell: Stone Arrow
  1025 | D:2      | Learned a level 2 spell: Passwall
  1113 | D:2      | Reached skill level 4 in Earth Magic
  1332 | D:2      | Reached XP level 4. HP: 31/33 MP: 4/8
  1903 | D:2      | Reached skill level 1 in Conjurations
  1903 | D:2      | Reached skill level 1 in Necromancy
  2173 | D:3      | Reached XP level 5. HP: 38/38 MP: 8/10
  2255 | D:3      | Found a faded altar of an unknown god.
  3355 | D:4      | Reached XP level 6. HP: 27/45 MP: 9/11
  3888 | D:5      | Entered Level 5 of the Dungeon
  3888 | D:5      | Found a staircase to the Ecumenical Temple.
  3894 | Temple   | Entered the Ecumenical Temple
  3944 | Temple   | Became a worshipper of Kikubaaqudgha
  4296 | D:5      | Found Vaiduefa's CLEARANCE SALE!.
  4667 | D:5      | Your scales start taking on a dull iron-grey colour.
  4667 | D:5      | Reached skill level 5 in Earth Magic
  4667 | D:5      | Reached XP level 7. HP: 50/50 MP: 5/13
  4803 | D:5      | Found a hide-covered altar of Uskayaw.
  5397 | D:6      | Reached * piety under Kikubaaqudgha
  5397 | D:6      | Received a gift from Kikubaaqudgha
  5407 | D:6      | Learned a level 3 spell: Vampiric Draining
  6014 | D:6      | Noticed a steam dragon
  6022 | D:6      | Killed from afar by a steam dragon

Illustrated notes

Levels and vault maps discovered:
D:1:      amcnicky_arrival_blooded_trapdoor, layout_rooms,
          minmay_misc_feat_cross, minmay_indecisive_spiral
D:2:      layout_rooms, small_statue_intersection, minmay_puff, uniq_terence
D:3:      layout_basic, shapermc_ecumenical_altar_mp_urbaneastern
D:4:      layout_loops_corners, kennysheep_flooded_box
D:5:      layout_basic, eat_drink_and_be_merry_uskayaw,
          minmay_temple_entry_mist, cheibrodos_sewer_entry_bend, kennysheep_nub,
          st_stairs_14, nicolae_shop_clearance
D:6:      layout_basic, uniq_sigmund
Temple:   hellmonk_temple_of_storms

Skill      XL: |  1  2  3  4  5  6  7 |
---------------+----------------------+-----
Spellcasting   | 3 4 |  4.0
Earth Magic    | 4 5 |  5.6
Conjurations   | 1 2 3 4 |  4.8
Necromancy     | 1 2 3 |  3.6
Transmutations | 2 |  2.7
Dodging        | |  1.7
Stealth        | |  1.7

Action                     |  1- 3 |  4- 6 |  7- 9 || total
---------------------------+-------+-------+-------++-------
  Melee: Unarmed           |     5 |       |       ||     5
         Staff             |     1 |     5 |       ||     6
         Tailslap          |       |     4 |     7 ||    11
         Spear             |       |    20 |    29 ||    49
         Punch             |       |     1 |     1 ||     2
   Cast: Sandblast         |    49 |   113 |    55 ||   217
         Stone Arrow       |       |     2 |     1 ||     3
  Evoke: Wand              |       |     6 |       ||     6
    Use: Scroll            |     4 |     3 |     4 ||    11
         Potion            |       |       |     1 ||     1
   Stab: Sleeping          |     1 |       |     1 ||     2
 Armour: Skin              |    16 |    17 |    53 ||    86
  Dodge: Dodged            |    37 |    52 |    39 ||   128
